Map: Neon Violet Square LE

Players

Overside - Winner!

  • Race: Protoss Protoss
  • League: Platinum
  • Spawn Location: 5:00

Juxtapose

  • Race: Protoss Protoss
  • League: Gold
  • Spawn Location: 11:00

VOD

https://youtu.be/u2gTPm75e94

Description

And thus my ten game win streak came to an end, which to date is the best win streak I've ever pulled off. That's not so bad at all, and time to move forward.

My opponent and I each had a similar idea, except he expanded first and went pure Void Rays while I went with a mixed force and tried for earlier aggression. Tried being the key term.

Time

  • Played on: Dec. 10, 2017, 2:20 p.m.
  • Length: 8:22
Show
View Real Time Build Order
Export as new Build Order

Overside Protoss - Winner!

Build Orders: Forge Fast Expand (FFE) 

Get SALT Encoding   

  12  0:00  Probe  
  13  0:13  Probe  
  14  0:18  Pylon  
  14  0:25  Probe  
  15  0:37  Probe  
  15  0:40  Forge  
  16  0:49  Probe  
  17  1:01  Probe  
  18  1:13  Probe  
  19  1:25  Gateway, Probe  
  20  1:37  Probe  
  21  1:41  Nexus  
  21  1:50  Probe  
  22  2:00  Pylon  
  22  2:02  Probe  
  23  2:18  Probe  
  23  2:19  Assimilator  
  23  2:20  Assimilator  
  24  2:28  Photon Cannon  
  24  2:36  Cybernetics Core  
  24  2:42  Probe  
  25  2:54  Probe  
  25  2:56  Probe  
  27  3:02  Pylon  
  27  3:06  Probe  
  27  3:08  Probe  
  29  3:18  Stargate, Probe  
  30  3:21  Probe  
  31  3:29  Assimilator  
  31  3:30  Probe  
  31  3:33  Probe  
  33  3:42  Probe, Pylon  
  33  3:45  Probe  
  35  3:49  Stargate  
  35  3:54  Probe  
  36  3:57  Probe  
  37  4:04  Assimilator  
  37  4:06  Void Ray (Chrono Boost)  
  37  4:07  Probe  
  37  4:09  Probe  
  43  4:16  Photon Cannon  
  43  4:19  Probe  
  43  4:20  Photon Cannon  
  43  4:21  Probe  
  45  4:33  Void Ray (Chrono Boost)  
  49  4:42  Probe x2  
  51  4:47  Void Ray (Chrono Boost)  
  55  4:54  Probe  
  55  4:59  Stargate  
  56  5:01  Pylon  
  60  5:15  Void Ray (Chrono Boost)  
  60  5:24  Void Ray (Chrono Boost)  
  64  5:48  Void Ray (Chrono Boost)  
  68  6:03  Pylon  
  68  6:05  Pylon  
  68  6:19  Void Ray (Chrono Boost)  
  68  6:21  Void Ray x2 (Chrono Boost)  
  78  6:26  Pylon  
  76  7:18  Void Ray  
  60  7:33  Nexus  
  60  7:43  Nexus  
  60  7:46  Pylon  
  60  7:52  Cybernetics Core  
  60  8:00  Probe  
Show
View Real Time Build Order
Export as new Build Order

Juxtapose Protoss 

Build Orders:  

Get SALT Encoding   

  12  0:01  Probe  
  13  0:13  Probe  
  14  0:21  Pylon  
  14  0:25  Probe  
  15  0:39  Probe  
  16  0:43  Gateway  
  16  0:51  Assimilator, Probe  
  17  1:02  Pylon  
  17  1:03  Probe  
  18  1:14  Assimilator  
  18  1:15  Probe (Chrono Boost)  
  20  1:27  Probe (Chrono Boost)  
  20  1:29  Probe  
  20  1:31  Pylon  
  20  1:32  Zealot (Chrono Boost)  
  23  1:56  Cybernetics Core  
  23  1:57  Probe  
  24  2:07  Gateway  
  24  2:09  Probe  
  25  2:21  Probe  
  26  2:24  Gateway  
  26  2:44  Stargate  
  26  2:56  Warp Gate (Chrono Boost)  
  26  2:58  Stalker x2  
  30  3:12  Pylon  
  30  3:14  Stalker  
  32  3:32  Void Ray (Chrono Boost)  
  36  3:57  Forge  
  36  4:05  Void Ray  
  40  4:34  Nexus  
  40  4:35  Photon Cannon  
  40  4:49  Void Ray (Chrono Boost)  
  44  5:01  Pylon  
  44  5:10  Stalker  
  46  5:21  Stalker  
  46  5:25  Pylon  
  48  5:35  Void Ray (Chrono Boost)  
  52  5:47  Photon Cannon  
  52  5:50  Probe  
  52  5:55  Probe  
  54  6:02  Probe  
  55  6:08  Probe  
  53  6:14  Probe  
  42  6:28  Probe x2  
  42  6:31  Photon Cannon  
  35  6:35  Pylon  
  34  6:54  Probe (Chrono Boost)  
  36  7:05  Probe (Chrono Boost)  
  13  7:23  Probe (Chrono Boost)  
  15  7:34  Probe (Chrono Boost)  
  15  7:58  Probe  
Tags
 
Add a new tag
Caveats
  • Supply blocks, unpowered buildings, or Contaminate may cause inaccurate times.
  • Supply counts are checked every 10 seconds.